 Dungeon Crawl Stone Soup version 0.29.0-4-gdea44cf6ec (webtiles) character file.

Game seed: 13212767175557030608

30 qw the Ruffian (level 3, -8/28 HPs)
             Began as a Ghoul Fire Elementalist on Aug 29, 2022.
             Mangled by a gnoll
             ... wielding a +0 flail
              (13 damage)
             ... on level 2 of the Dungeon.
             The game lasted 00:01:12 (1963 turns).

qw the Ruffian (Ghoul Fire Elementalist)            Turns: 1963, Time: 00:01:13

Health: -8/28      AC:  3    Str: 13    XL:     3   Next: 20%
Magic:  4/4        EV: 11    Int: 10    God:
Gold:   135        SH:  2    Dex:  9    Spells: 4/5 levels left

rFire   . . .      SeeInvis .     - Unarmed
rCold   + + .      Faith    .   c - +0 buckler
rNeg    + + +      Spirit   .   j - +0 leather armour
rPois   inf        Reflect  .   (no helmet)
rElec   .          Harm     .   (no cloak)
rCorr   .          Rampage  .   (no gloves)
Will    .....                   (no boots)
Stlth   +.........              (no amulet)
HPRegen 0.00/turn               i - ring of protection from cold
MPRegen 0.09/turn               (no ring)

@: weak-willed, inhibited regen
A: claws 1, cold resistance 1, negative energy resistance 3, inhibited
regeneration, torment resistance 2, devour on kill
a: no special abilities


You were on level 2 of the Dungeon.
You visited 1 branch of the dungeon, and saw 2 of its levels.

You collected 135 gold pieces.


Innate Abilities, Weirdness & Mutations

You are immune to poison.
You have sharp fingernails.
Your flesh is cold resistant. (rC+)
You are immune to negative energy. (rN+++)
You do not regenerate when monsters are visible.
You are immune to unholy pain and torment.
You thrive by killing the living.


   Skills:
 - Level 1.0 Fighting
 - Level 1.7 Dodging
 - Level 2.1 Stealth
 + Level 2.7 Unarmed Combat
 - Level 1.7 Spellcasting
 - Level 0.7 Conjurations
 - Level 2.4 Fire Magic


You had 4 spell levels left.
You knew the following spells:

 Your Spells              Type           Power      Damage    Failure   Level
a - Foxfire               Conj/Fire      16%        2x1d4     30%         1

Your spell library contained the following spells:

 Spells                   Type           Power      Damage    Failure   Level
 Scorch                   Fire           10%        2d5       32%         2
 Conjure Flame            Conj/Fire      4%         6-21      65%         3
 Inner Flame              Hex/Fire       3%         N/A       71%         3
 Flame Wave               Conj/Fire      4%         2d5       96%         4

Inventory:

Armour
 c - a +0 buckler (worn)
 j - a +0 leather armour (worn)
Jewellery
 g - a ring of ice
 i - a ring of protection from cold (left claw)
Scrolls
 f - a scroll of identify
Potions
 b - a potion of flight {unknown}
 e - a potion of berserk rage {unknown}
 h - a potion of heal wounds {unknown}

Dungeon Overview and Level Annotations

Branches:
Dungeon (2/15)

Altars:


Message History

You scratch the worm.
The worm is severely wounded.
You barely miss the worm.
The worm is severely wounded.
The worm closely misses you.
You scratch the worm.
The worm is severely wounded.
You scratch the worm.
The worm is almost dead.
The worm closely misses you.
You barely miss the worm.
The worm is almost dead.
The worm bites you.
You scratch the worm.
The worm is almost dead.
You barely miss the worm.
The worm is almost dead.
The worm barely misses you.
You barely miss the worm.
The worm is severely wounded.
You scratch the worm.
The worm is almost dead.
The worm closely misses you.
You barely miss the worm.
The worm is almost dead.
The worm bites you.
1961 ||| READING scroll of teleportation.
As you read the scroll of teleportation, it crumbles to dust.
You feel strangely unstable.
You barely miss the worm.
The worm is almost dead.
The worm bites you.
You barely miss the worm.
The worm is severely wounded.
Your surroundings suddenly seem different. 4 gnolls come into view.
Found a smoky red potion.
Found a stone staircase leading down.
The gnoll shouts! x3
The gnoll hits you with a +0 flail!
You die...

#.# #.###.# ##+## #
#..# ##...## #.#.#
##.....## ###.#
##...!.>.## ##.#.#
#.........####....#####
+...g..g..+............
#.....g...###.....###.#
#....@..# #.#.#.# #.#
##..g..## #.##..# #.#
##...## #.##.## #.#
##+## #.##.# #.#
#%##.####.# #.........#
####.###### #.# #.#


You could see 4 gnolls.

Vanquished Creatures
  An adder (D:2)
  A dart slug (D:1)
  3 endoplasms
  A giant cockroach (D:2)
  A goblin (D:2)
  3 hobgoblins
  2 kobolds (D:1)
  A ball python (D:2)
  3 bats
  A frilled lizard (D:2)
  2 rats (D:2)
19 creatures vanquished.

Notes
Turn   | Place    | Note
-------+----------+-------------------------------------------
     0 | D:1      | qw the Ghoul Fire Elementalist began the quest for the Orb.
     0 | D:1      | Reached XP level 1. HP: 14/14 MP: 2/2
     0 | D:1      | 0 ||| qw: Version: 0.1-a-90-g952f4b7
     0 | D:1      | 0 ||| qw: Game counter: 3690
     0 | D:1      | 0 ||| qw: Always use a shield: true
     0 | D:1      | 0 ||| qw: God list: Okawaru
     0 | D:1      | 0 ||| qw: Allow faded altars: false
     0 | D:1      | 0 ||| qw: Do Orc after D:15 true
     0 | D:1      | 0 ||| qw: Do second Lair branch before Depths: true
     0 | D:1      | 0 ||| qw: Lair rune preference: random
     0 | D:1      | 0 ||| qw: Plans: Normal
     0 | D:1      | 0 ||| PLANNING D:1-11
   214 | D:1      | Found a faded altar of an unknown god.
   279 | D:1      | Reached skill level 1 in Unarmed Combat
   710 | D:1      | Reached skill level 1 in Fighting
   710 | D:1      | Reached XP level 2. HP: 23/23 MP: 3/3
  1205 | D:1      | 1205 ||| UPGRADING to +0 buckler.
  1210 | D:1      | 1210 ||| READING 2 scrolls labelled AHIBIA PUEC.
  1211 | D:1      | 1211 ||| READING 2 scrolls labelled KIDOERO HOSK.
  1214 | D:1      | 1214 ||| DROPPING potion of magic.
  1576 | D:2      | Reached XP level 3. HP: 21/28 MP: 4/4
  1681 | D:2      | 1681 ||| Stepping ~*~*~tactically~*~*~ (outnumbered).
  1871 | D:2      | 1871 ||| Stepping ~*~*~tactically~*~*~ (stealth).
  1873 | D:2      | 1873 ||| Stepping ~*~*~tactically~*~*~ (stealth).
  1879 | D:2      | 1879 ||| FLEEEEING.
  1880 | D:2      | 1880 ||| Stepping ~*~*~tactically~*~*~ (stealth).
  1885 | D:2      | 1885 ||| FLEEEEING.
  1886 | D:2      | 1886 ||| FLEEEEING.
  1888 | D:2      | 1888 ||| FLEEEEING.
  1889 | D:2      | 1889 ||| FLEEEEING.
  1890 | D:2      | 1890 ||| FLEEEEING.
  1891 | D:2      | 1891 ||| STAIRDANCE
  1925 | D:1      | 1925 ||| UPGRADING to +0 leather armour.
  1935 | D:1      | 1935 ||| DROPPING +0 robe.
  1936 | D:1      | 1936 ||| UPGRADING to ring of protection from cold.
  1937 | D:1      | 1937 ||| READING scroll labelled SICUNA UTOQODGH.
  1960 | D:2      | HP: 6/28 [worm (6)]
  1961 | D:2      | 1961 ||| READING scroll of teleportation.
  1963 | D:2      | Mangled by a gnoll

Levels and vault maps discovered:
D:1:      shiori_arrival_whats_in_store_for_you, layout_basic, serial_forest,
          infiniplex_forest_clump_long, infiniplex_forest_end_1,
          infiniplex_forest_zigzag_1, infiniplex_forest_lined_room_3,
          infiniplex_forest_lined_2, infiniplex_forest_lined_3,
          chequers_ecumenical_altar_simple_redux
D:2:      layout_loops_corners, minmay_split_cup_large

Skill      XL: |  1  2 |
---------------+-------+-----
Unarmed Combat | 1 2 |  2.7
Fighting       | 1 |  1.0
Dodging        | |  1.7
Stealth        | |  2.1
Spellcasting   | |  1.7
Conjurations   | |  0.7
Fire Magic     | |  2.4

Action                   || total
-------------------------++-------
Melee: Unarmed           ||   106
  Use: Scroll            ||     4
Armor: Robe              ||    12
       Leather armour    ||     1
Dodge: Dodged            ||    45
Block: Buckler           ||     3

Table legend:
 A = Non-vault XP
 B = Vault XP
 C = Vault XP percentage of total XP
 D = Non-vault monster count
 E = Vault monster count
 F = Vault count percentage of total count
                 A         B        C        D         E       F
            +---------+---------+-------+---------+---------+-------
      Total |      41 |       3 |   6.8 |      17 |       2 |  10.5
            +---------+---------+-------+---------+---------+-------
        D:1 |      16 |       0 |   0.0 |       8 |       0 |   0.0
        D:2 |      25 |       3 |  10.7 |       9 |       2 |  18.2
            +---------+---------+-------+---------+---------+-------
